 Dungeon Crawl Stone Soup version 0.28.0-47-ge53b351184 (webtiles) character file.

Game seed: 13104104253438990416

4 RatsInWalls the Charlatan (level 1, 0/13 HPs)
             Began as a Human Wanderer on May 9, 2022.
             Slain by a rat (1 damage)
             ... on level 1 of the Dungeon.
             The game lasted 00:02:21 (572 turns).

RatsInWalls the Charlatan (Human Wanderer)           Turns: 572, Time: 00:02:21

Health: 0/13       AC:  3    Str:  9    XL:     1   Next: 77%
Magic:  3/3        EV: 11    Int: 11    God:
Gold:   11         SH:  0    Dex: 16    Spells: 3/4 levels left

rFire   . . .      SeeInvis .   a - +0 dagger
rCold   . . .      Faith    .   (no shield)
rNeg    . . .      Spirit   .   c - +0 robe
rPois   .          Reflect  .   (no helmet)
rElec   .          Harm     .   b - +0 cloak
rCorr   .          Rampage  .   (no gloves)
Will    .....                   (no boots)
Stlth   ++........              (no amulet)
HPRegen 0.04/turn               (no ring)
MPRegen 0.08/turn               (no ring)

@: no status effects
A: no striking features
a: no special abilities


You were on level 1 of the Dungeon.
You visited 1 branch of the dungeon, and saw 1 of its levels.

You collected 11 gold pieces.

Inventory:

Hand Weapons
 a - a +0 dagger (weapon)
Armour
 b - a +0 cloak (worn)
 c - a +0 robe (worn)
Wands
 d - a wand of paralysis (9)


   Skills:
 + Level 0.2 Fighting
 + Level 0.2 Armour
 + Level 0.2 Dodging
 + Level 2.1 Stealth
 - Level 2.0 Spellcasting
 - Level 2.0 Transmutations
 + Level 4.0 Evocations


You had 3 spell levels left.
You knew the following spells:

 Your Spells              Type           Power      Damage    Failure   Level
a - Beastly Appendage     Tmut           10%        N/A       13%         1

Your spell library contained the following spells:

 Spells                   Type           Power      Damage    Failure   Level
 Spider Form              Tmut/Pois      3%         N/A       50%         3


Dungeon Overview and Level Annotations

Branches:
Dungeon (1/15)

Altars:


Message History

You hit the rat but do no damage.
The rat is moderately wounded.
The rat closely misses you. The endoplasm hits you.
You barely miss the rat.
The rat is moderately wounded.
The rat completely misses you.
You barely miss the rat.
The rat is moderately wounded.
The rat bites you but does no damage.
You barely miss the rat.
The rat is moderately wounded.
The rat closely misses you.
You hit the rat but do no damage.
The rat is moderately wounded.
The rat bites you.
* * * LOW HITPOINT WARNING * * *
You barely miss the rat.
The rat is moderately wounded.
The rat barely misses you.
You hit the rat but do no damage.
The rat is moderately wounded.
The rat misses you.
You hit the rat but do no damage.
The rat is moderately wounded.
The rat bites you.
* * * LOW HITPOINT WARNING * * *
You hit the rat but do no damage.
The rat is moderately wounded.
The rat bites you but does no damage.
You hit the rat.
The rat is severely wounded.
The rat completely misses you.
You hit the rat but do no damage.
The rat is severely wounded.
The rat barely misses you.
You closely miss the rat.
The rat is severely wounded.
The rat bites you.
You die...

...#'#..#........# .....
....'#.<####.....##........
.#.#'#..####...................
##.#8.#.##.....................
##.#######...#..........#.....(
........................#......
........................#......
...............r...............
...)...........#@...........#
...............#............#
...............#............#
...............###..........#
.....#+######..................
...............................
...............................
......................##.......
..............####....# .......


You could see a rat.

Vanquished Creatures
  A ball python (D:1)
  An endoplasm (D:1)
  A giant cockroach (D:1)
  A rat (D:1)
4 creatures vanquished.

Notes
Turn   | Place    | Note
-------+----------+-------------------------------------------
     0 | D:1      | RatsInWalls the Human Wanderer began the quest for the Orb.
     0 | D:1      | RatsInWalls set off with the following items: a +0 dagger,
                  | a +0 cloak, a +0 robe, a wand of paralysis (9); and the
                  | following spell memorised: Beastly Appendage; and the
                  | following spells available to memorise: Spider Form
     0 | D:1      | Reached XP level 1. HP: 13/13 MP: 3/3
   572 | D:1      | Slain by a rat

Illustrated notes

Levels and vault maps discovered:
D:1:      saegor_arrival_simple_c, layout_basic,
          shapermc_ecumenical_altar_starsandcircs, serial_shops,
          nicolae_shop_window_shopping

Action                   || total
-------------------------++-------
Melee: Dagger            ||    40
 Stab: Sleeping          ||     1
Armor: Robe              ||     8
Dodge: Dodged            ||    23
